Map: Flashback EE

Players

MrFercho

  • Race: Zerg Zerg
  • League: Silver
  • Spawn Location: 7:00

TATORREA

  • Race: Protoss Protoss
  • League: Silver
  • Spawn Location: 7:00

tigro

  • Race: Terran Terran
  • League: Bronze
  • Spawn Location: 7:00

Nuga

  • Race: Zerg Zerg
  • Spawn Location: 11:00

Dabosaurus

  • Race: Protoss Protoss
  • Spawn Location: 9:00

RuBones

  • Race: Terran Terran
  • Spawn Location: 11:00

VOD

Have the link to the VOD?

Description

Time

  • Played on: June 22, 2020, 8:38 p.m.
  • Length: 14:44
Show
View Real Time Build Order
Export as new Build Order

MrFercho Zerg 

Build Orders: Hatch First 

Get SALT Encoding   

  12  0:01  Drone  
  13  0:15  Overlord  
  14  0:21  Drone  
  14  0:37  Drone x2  
  16  0:54  Drone  
  16  0:56  Hatchery  
  16  1:10  Spawning Pool  
  15  1:12  Drone  
  16  1:18  Overlord  
  16  1:22  Drone  
  17  1:29  Drone  
  18  1:34  Drone  
  19  1:54  Extractor  
  18  1:55  Drone x2  
  18  2:00  Queen  
  22  2:08  Overlord  
  22  2:09  Queen  
  22  2:10  Drone  
  25  2:18  Drone  
  25  2:19  Drone  
  27  2:30  Drone  
  27  2:31  Drone  
  29  2:37  Spine Crawler  
  29  2:40  Spore Crawler  
  29  2:41  Drone x2  
  29  2:48  Drone  
  30  2:58  Drone  
  31  3:01  Lair  
  31  3:03  Drone x2  
  33  3:11  Drone  
  33  3:12  Drone  
  35  3:13  Drone  
  35  3:14  Drone x2  
  35  3:17  Drone  
  35  3:18  Drone x2  
  41  3:22  Drone  
  42  3:28  Zergling x2  
  43  3:42  Drone  
  43  3:44  Overlord x2  
  44  3:57  Extractor x2  
  42  4:11  Spire  
  42  4:14  Drone x5  
  46  4:19  Extractor  
  45  4:44  Roach Warren  
  44  4:45  Overseer  
  44  4:53  Drone x7  
  51  5:24  Glial Reconstitution, Evolution Chamber  
  50  5:29  Hatchery  
  50  5:30  Infestation Pit  
  48  5:38  Hatchery  
  47  5:43  Hatchery  
  46  6:04  Mutalisk x2  
  46  6:05  Mutalisk x5  
  60  6:32  Overlord x4  
  60  6:33  Overlord  
  60  6:42  Drone x2  
  62  6:48  Zerg Flyer Weapons Level 1  
  62  6:59  Hatchery  
  61  7:07  Hatchery  
  61  7:08  Mutalisk x7  
  60  7:09  Mutalisk x2  
  78  7:23  Drone x8  
  78  7:28  Queen  
  88  7:36  Spine Crawler x2  
  85  7:51  Mutalisk x6  
  97  8:03  Queen  
  99  8:27  Mutalisk x5  
  99  8:29  Overlord x3  
  99  8:30  Overlord x7  
  109  8:42  Extractor  
  109  8:45  Extractor  
  107  8:54  Mutalisk x4  
  115  9:19  Mutalisk x4  
  119  9:35  Drone x13  
  113  10:00  Overseer x3  
  69  10:26  Roach x14  
  69  10:27  Roach x2  
  78  10:58  Mutalisk x2  
  78  10:59  Mutalisk x7  
  68  11:44  Corruptor x8  
  54  11:48  Drone x7  
  59  11:58  Lair  
  59  12:09  Mutalisk  
  59  12:12  Drone x2  
  59  12:15  Drone x9  
  70  12:44  Drone  
  70  12:45  Drone x11  
  82  12:51  Extractor  
  82  12:56  Mutalisk x2  
  82  12:57  Extractor  
  84  13:48  Mutalisk  
  84  13:49  Mutalisk x5  
  79  14:11  Mutalisk  
  79  14:12  Mutalisk x3  
  79  14:16  Mutalisk  
Show
View Real Time Build Order
Export as new Build Order

TATORREA Protoss 

Build Orders: Carriers 

Get SALT Encoding   

  12  0:02  Probe  
  13  0:14  Probe  
  14  0:20  Pylon  
  14  0:26  Probe  
  15  0:38  Probe  
  15  0:41  Forge  
  16  0:50  Probe  
  17  0:58  Gateway  
  17  1:01  Probe  
  18  1:07  Assimilator  
  18  1:09  Probe  
  18  1:18  Pylon, Probe  
  20  1:32  Probe  
  21  1:44  Probe  
  22  1:51  Pylon  
  22  2:05  Pylon  
  22  2:22  Probe  
  22  2:28  Assimilator  
  22  2:33  Cybernetics Core  
  22  2:35  Pylon  
  22  2:40  Zealot  
  22  2:43  Probe  
  23  2:48  Pylon  
  25  2:57  Probe  
  26  3:05  Zealot  
  28  3:27  Photon Cannon  
  28  3:29  Photon Cannon  
  25  3:37  Protoss Ground Weapons Level 1  
  25  3:40  Stalker  
  27  3:55  Probe  
  28  4:05  Warp Gate  
  28  4:07  Probe  
  28  4:09  Pylon  
  29  4:15  Nexus  
  29  4:17  Pylon  
  29  4:20  Pylon  
  29  4:21  Probe  
  30  4:30  Shield Battery  
  30  4:33  Probe  
  30  4:34  Photon Cannon  
  30  4:36  Photon Cannon  
  31  4:38  Photon Cannon  
  31  4:44  Shield Battery  
  31  4:47  Probe  
  32  4:59  Probe  
  33  5:04  Robotics Facility  
  33  5:12  Probe  
  34  5:18  Pylon  
  34  5:20  Probe  
  34  5:27  Pylon  
  35  5:28  Probe  
  35  5:29  Twilight Council  
  35  5:30  Probe  
  37  5:40  Probe  
  37  5:42  Probe  
  39  5:46  Assimilator  
  39  5:50  Assimilator  
  39  5:52  Probe  
  39  5:54  Probe  
  41  5:59  Stalker  
  41  6:03  Observer  
  44  6:04  Probe  
  44  6:06  Probe  
  46  6:16  Probe  
  47  6:18  Probe  
  47  6:24  Immortal  
  52  6:27  Protoss Ground Weapons Level 2  
  52  6:28  Probe  
  52  6:30  Probe  
  54  6:40  Probe  
  54  6:42  Probe  
  54  6:43  Nexus  
  54  6:44  Pylon  
  56  6:47  Pylon  
  56  6:52  Probe  
  57  6:54  Probe  
  58  7:02  Gateway  
  58  7:05  Probe  
  58  7:07  Gateway, Probe  
  60  7:09  Gateway  
  60  7:14  Gateway  
  60  7:17  Probe  
  60  7:19  Probe  
  60  7:21  Immortal  
  66  7:30  Pylon  
  66  7:31  Pylon  
  66  7:34  Pylon  
  66  7:36  Stargate x2  
  66  7:40  Stargate  
  66  7:46  Stalker  
  68  8:00  Observer  
  68  8:02  Forge  
  68  8:03  Forge  
  68  8:04  Probe  
  68  8:05  Probe x2  
  72  8:06  Templar Archives  
  72  8:12  Assimilator  
  72  8:17  Assimilator, Probe x3  
  75  8:20  Gateway  
  75  8:21  Gateway  
  75  8:24  Gateway  
  75  8:26  Cybernetics Core  
  75  8:29  Probe  
  76  8:35  Fleet Beacon  
  76  8:36  Robotics Bay  
  76  8:42  Phoenix x3  
  76  8:47  Stalker  
  76  8:48  Stalker x3  
  90  8:49  Stalker  
  90  8:53  Probe x3  
  95  9:05  Probe x3  
  98  9:19  Protoss Air Armor Level 1  
  98  9:20  Probe  
  98  9:21  Probe x2  
  98  9:22  Protoss Air Weapons Level 1  
  101  9:33  Probe x3  
  104  9:40  Stalker, Nexus  
  104  9:41  Stalker x3  
  104  9:42  Gateway  
  104  9:43  Gateway  
  104  9:44  Pylon  
  112  9:46  Pylon  
  112  9:48  Probe x3  
  112  9:49  Gateway  
  115  10:00  Probe x2  
  115  10:04  Tempest, Carrier  
  128  10:08  Carrier  
  130  10:46  Tempest  
  130  10:49  Stalker x3  
  137  10:50  Stalker x4  
  137  10:51  Stalker  
  137  10:52  Stalker  
  137  10:53  Stalker x2  
  139  10:58  Carrier  
  139  11:02  Tempest  
  105  11:21  Phoenix  
  95  11:45  Phoenix x2  
  99  11:47  Stalker x2  
  99  11:48  Stalker x4  
  99  11:49  Stalker x4  
  99  11:50  Stalker  
  114  12:02  Phoenix  
  114  12:07  Phoenix  
  116  12:08  Probe  
  116  12:09  Probe x2  
  116  12:12  Carrier  
  121  12:17  Stalker x2, Tempest  
  121  12:18  Stalker x5  
  121  12:19  Stalker x3  
  121  12:20  Stalker  
  149  12:25  Carrier  
  138  12:43  Stalker x2  
  138  12:44  Stalker x5  
  144  12:46  Stalker x4  
  160  12:59  Tempest  
  160  13:17  Carrier  
  144  13:20  Assimilator  
  144  13:22  Assimilator  
  144  13:28  Stalker  
  144  13:29  Stalker x5  
  144  13:30  Stalker x3  
  144  13:31  Stalker  
  144  13:33  Stalker  
  166  14:06  Pylon  
  150  14:10  Pylon  
  150  14:13  Pylon  
  140  14:17  Pylon  
  88  14:35  Stalker x3  
  88  14:36  Stalker x5  
  88  14:37  Stalker x2  
  88  14:38  Stalker  
Show
View Real Time Build Order
Export as new Build Order

tigro Terran 

Build Orders:  

Get SALT Encoding   

  12  0:02  SCV  
  13  0:14  SCV  
  14  0:26  SCV  
  14  0:27  Supply Depot  
  15  0:36  Refinery  
  15  0:48  SCV  
  16  0:55  Barracks  
  16  1:00  SCV  
  17  1:04  Refinery  
  17  1:13  SCV  
  18  1:20  Supply Depot  
  18  1:25  SCV  
  19  1:37  SCV  
  20  1:45  Marine  
  21  1:49  SCV  
  22  2:01  SCV  
  23  2:03  Marine  
  24  2:13  SCV  
  25  2:16  Barracks  
  25  2:21  Marine  
  26  2:25  SCV  
  27  2:38  Marine  
  28  2:50  Engineering Bay  
  28  2:51  Orbital Command  
  28  2:56  Marine  
  29  3:06  Barracks Tech Lab, Factory  
  29  3:30  Barracks Reactor  
  29  3:47  Marine  
  30  3:51  Combat Shield  
  30  4:04  Marine  
  30  4:06  Factory Tech Lab  
  31  4:13  Command Center  
  31  4:16  Starport  
  31  4:22  Marine  
  32  4:25  Terran Infantry Weapons Level 1  
  32  4:40  Marine  
  33  4:54  Starport  
  33  4:55  Medivac  
  33  4:58  Marine  
  36  5:06  Marine x2  
  38  5:10  Stimpack  
  38  5:16  Marine  
  39  5:24  Marine x2  
  41  5:29  Refinery  
  41  5:33  Supply Depot  
  41  5:34  Marine  
  42  5:40  Starport Tech Lab  
  42  5:42  Starport Tech Lab  
  42  5:57  Supply Depot, SCV  
  43  6:09  SCV  
  44  6:19  Terran Infantry Armor Level 1  
  44  6:20  Refinery  
  44  6:21  SCV  
  44  6:22  Fusion Core  
  45  6:33  SCV  
  46  6:45  SCV  
  47  6:50  Concussive Shells  
  47  8:13  Hi-Sec Auto Tracking  
Show
View Real Time Build Order
Export as new Build Order

Nuga Zerg 

Build Orders: Pool First, Swarm Host 

Get SALT Encoding   

  12  0:01  Drone  
  13  0:13  Overlord  
  13  0:19  Drone  
  14  0:35  Drone x3  
  16  0:41  Extractor  
  16  0:52  Spawning Pool  
  16  0:53  Drone  
  16  0:58  Drone  
  17  1:13  Overlord  
  17  1:47  Metabolic Boost  
  17  1:51  Queen  
  17  1:53  Zergling x6  
  22  2:09  Drone  
  23  2:49  Drone x3  
  26  2:54  Hatchery  
  25  3:02  Hatchery  
  24  3:09  Roach Warren  
  23  3:33  Zergling x6  
  25  3:52  Drone x3  
  25  3:54  Lair  
  28  4:14  Drone  
  28  4:15  Queen, Drone  
  32  4:17  Queen  
  32  4:18  Overlord  
  32  4:19  Overlord  
  34  4:35  Roach x2  
  34  4:36  Roach x2  
  42  4:46  Baneling Nest  
  41  4:53  Overseer  
  41  5:04  Extractor  
  41  5:05  Extractor  
  41  5:06  Drone x2  
  41  5:07  Extractor, Overlord, Drone x3  
  43  5:08  Overlord  
  43  5:15  Drone x3  
  43  5:16  Drone  
  47  6:46  Infestation Pit  
  46  6:49  Drone x2  
  46  6:50  Drone  
  46  6:51  Evolution Chamber  
  46  6:52  Evolution Chamber  
  47  6:57  Overlord x3  
  47  6:59  Drone  
  47  7:00  Drone x2  
  50  7:40  Spore Crawler  
  50  7:41  Spore Crawler  
  50  7:42  Spore Crawler  
  46  7:46  Spore Crawler  
  46  7:48  Spore Crawler  
  46  7:49  Spore Crawler  
  46  7:50  Spore Crawler  
  38  8:01  Zerg Missile Weapons Level 1  
  38  8:02  Zerg Ground Armor Level 1  
  38  8:04  Swarm Host  
  38  8:05  Swarm Host x12  
  41  8:09  Swarm Host  
  80  8:28  Hydralisk Den  
  80  8:31  Drone  
  80  8:33  Spore Crawler x2  
  78  8:35  Drone  
  73  8:59  Swarm Host x3  
  82  9:59  Hydralisk  
  82  10:00  Hydralisk x3, Spore Crawler  
  82  10:01  Spore Crawler  
  82  10:02  Overlord x2  
  88  10:50  Swarm Host  
  88  10:51  Swarm Host x5  
  103  11:56  Zerg Missile Weapons Level 2  
  103  11:57  Zerg Ground Armor Level 2  
  103  12:03  Drone x3  
  103  12:04  Overlord x3  
  103  12:05  Overlord  
  106  12:43  Hydralisk  
  106  12:44  Hydralisk x6  
  120  13:23  Hydralisk x6  
Show
View Real Time Build Order
Export as new Build Order

Dabosaurus Protoss 

Build Orders: Carriers 

Get SALT Encoding   

  1  0:00  Probe  
  13  0:08  Probe  
  14  0:19  Probe  
  15  0:24  Pylon  
  15  0:42  Probe  
  16  0:47  Pylon  
  16  0:54  Probe  
  17  1:07  Nexus  
  17  1:16  Assimilator  
  17  1:25  Gateway  
  17  1:29  Assimilator  
  17  2:26  Probe  
  18  2:30  Probe  
  18  2:34  Probe  
  19  2:38  Probe  
  19  2:43  Probe  
  21  2:48  Probe, Cybernetics Core  
  23  2:54  Probe  
  23  2:55  Forge  
  24  3:00  Probe  
  24  3:03  Probe  
  25  3:11  Probe  
  25  3:12  Probe  
  27  3:19  Probe  
  28  3:20  Pylon  
  28  3:22  Probe  
  28  3:24  Pylon  
  30  3:30  Probe x2  
  30  3:34  Assimilator  
  32  3:38  Probe  
  32  3:46  Pylon  
  33  3:51  Protoss Air Weapons Level 1, Probe  
  33  3:55  Photon Cannon  
  34  4:03  Probe  
  34  4:04  Photon Cannon  
  34  4:07  Stargate  
  35  4:26  Photon Cannon  
  35  4:31  Stargate  
  35  4:34  Pylon  
  35  4:39  Stargate  
  35  4:41  Probe  
  36  4:49  Probe  
  36  4:51  Assimilator  
  36  4:55  Pylon  
  36  4:59  Probe  
  37  5:04  Photon Cannon  
  38  5:11  Probe  
  39  5:23  Void Ray x2, Probe  
  39  5:26  Photon Cannon  
  39  5:27  Void Ray  
  48  5:35  Probe  
  53  5:47  Probe  
  54  5:56  Protoss Air Armor Level 1  
  54  6:07  Stargate  
  54  6:37  Void Ray x2  
  62  6:51  Nexus  
  62  6:57  Fleet Beacon  
  62  7:02  Photon Cannon  
  62  7:12  Probe  
  63  7:17  Void Ray  
  67  7:31  Pylon  
  67  7:35  Pylon  
  67  7:40  Pylon  
  67  7:45  Assimilator  
  67  7:50  Assimilator  
  67  7:51  Void Ray  
  67  7:52  Void Ray x2  
  79  8:04  Photon Cannon  
  79  8:08  Probe  
  79  8:09  Photon Cannon  
  80  8:16  Carrier, Probe  
  86  8:26  Probe x2  
  89  8:34  Probe  
  89  8:38  Probe  
  91  8:44  Probe  
  91  8:45  Protoss Air Weapons Level 2  
  91  8:50  Probe  
  92  8:56  Probe  
  93  9:04  Carrier  
  93  9:08  Probe  
  106  9:17  Carrier  
  106  9:34  Probe  
  107  9:42  Probe  
  107  9:43  Carrier  
  113  9:52  Probe  
  115  10:04  Probe  
  112  10:16  Probe  
  96  11:11  Carrier x4  
  108  12:15  Carrier  
  114  12:20  Nexus  
  114  12:31  Nexus  
  114  13:00  Pylon  
  114  13:08  Pylon  
  114  13:12  Pylon  
  114  13:14  Assimilator  
  114  13:18  Carrier  
  114  13:19  Assimilator  
  120  13:22  Probe  
  120  13:26  Carrier x2  
  133  13:30  Carrier, Probe  
  139  13:40  Probe  
  141  13:52  Probe  
  142  14:04  Probe  
Show
View Real Time Build Order
Export as new Build Order

RuBones Terran 

Build Orders:  

Get SALT Encoding   

  12  0:01  SCV  
  13  0:14  SCV  
  14  0:25  Supply Depot  
  14  0:26  SCV  
  15  0:53  Barracks  
  15  1:01  SCV  
  16  1:13  SCV  
  16  1:18  Barracks  
  17  1:25  SCV  
  18  1:37  SCV  
  19  1:42  Marine  
  20  1:55  SCV  
  20  1:56  Refinery  
  21  2:07  SCV  
  22  2:20  Marine  
  23  2:30  Supply Depot  
  23  2:37  Command Center  
  23  2:40  Orbital Command  
  23  2:51  Marine x2  
  25  3:00  Refinery  
  25  3:09  Marine  
  26  3:51  SCV  
  27  4:03  SCV  
  27  4:04  Bunker  
  28  4:15  Refinery, SCV  
  28  4:16  Barracks Tech Lab  
  29  4:22  Factory  
  29  4:27  SCV  
  31  4:57  Orbital Command  
  30  5:08  Starport  
  30  5:21  Refinery  
  30  5:22  SCV  
  31  5:34  SCV  
  32  5:37  Factory Tech Lab  
  32  5:41  Marauder  
  34  5:46  SCV  
  35  5:54  Starport Reactor  
  35  5:57  Starport  
  35  5:58  Siege Tank  
  35  5:59  SCV  
  35  6:02  Marauder  
  41  6:10  Barracks Reactor  
  41  6:11  SCV  
  42  6:23  Reaper, SCV  
  44  6:30  Engineering Bay  
  44  6:35  SCV  
  45  6:48  Supply Depot  
  45  6:49  Viking x2  
  45  6:53  Marine  
  45  6:54  Marine  
  51  6:56  Reaper  
  52  7:05  Missile Turret  
  52  7:07  Command Center  
  52  7:10  Supply Depot  
  52  7:11  Marine x2  
  52  7:12  Siege Tank  
  52  7:14  Medivac  
  59  7:25  Missile Turret  
  59  7:32  Sensor Tower  
  59  7:34  Supply Depot  
  59  7:38  Viking  
  59  7:39  Viking  
  63  7:44  Viking  
  65  7:55  Missile Turret  
  65  8:14  Viking  
  65  8:15  Missile Turret  
  67  8:30  Terran Infantry Weapons Level 1  
  67  8:32  Engineering Bay  
  54  9:50  Missile Turret  
  54  9:51  Missile Turret  
  54  9:57  Missile Turret  
  54  10:39  Viking x2  
  58  10:53  Marine  
  58  10:54  Marine x2  
  61  10:59  Siege Tank  
  63  11:09  Viking x2  
  63  11:10  Medivac  
  67  11:11  Marine  
  67  11:12  Marine  
  69  11:30  Marine  
  69  11:31  Siege Tank  
  70  11:39  Viking x2  
  73  11:40  Medivac  
  74  12:03  Siege Tank  
  73  12:09  Viking x2  
  77  12:28  Marine  
  78  12:30  Terran Infantry Armor Level 1  
  78  12:56  Medivac  
  66  14:12  Command Center  
Tags
 
Add a new tag
Caveats
  • Supply blocks, unpowered buildings, or Contaminate may cause inaccurate times.
  • Supply counts are checked every 10 seconds.